 Dungeon Crawl Stone Soup version 0.30-a0-867-g305f33218d (webtiles) character file.

Game seed: 17752139569867291484

16 cforsyth the Digger (level 2, -1/15 HPs)
             Began as a Deep Elf Earth Elementalist on Mar 10, 2023.
             Slain by a gnoll
             ... wielding a +0 club
              (8 damage)
             ... on level 1 of the Dungeon.
             The game lasted 00:00:40 (480 turns).

cforsyth the Digger (Deep Elf Earth Elementalist)    Turns: 480, Time: 00:00:40

Health: -1/15      AC:  2    Str:  5    XL:     2   Next: 37%
Magic:  3/8        EV: 12    Int: 19    God:
Gold:   4          SH:  0    Dex: 15    Spells: 7/8 levels left

rFire   . . .      SeeInvis .    (no weapon)
rCold   . . .      Faith    .    (no shield)
rNeg    . . .      Spirit   .    a - +0 robe
rPois   .          Reflect  .    (no helmet)
rElec   .          Rampage  .    (no cloak)
rCorr   .                        (no gloves)
Will    .....                    (no boots)
Stlth   ++                       (no amulet)
HPRegen 0.22/turn                (no ring)
MPRegen 0.11/turn                (no ring)

@: no status effects
A: no striking features
a: no special abilities


You were on level 1 of the Dungeon.
You visited 1 branch of the dungeon, and saw 1 of its levels.

You collected 4 gold pieces.

Inventory:

Armour
 a - a +0 robe (worn)
Jewellery
 c - an amulet of faith
Potions
 b - a potion of magic
 d - a potion of might {unknown}
 e - a potion of degeneration {unknown}
 f - a potion of attraction {unknown}


   Skills:
 - Level 2.4 Dodging
 - Level 2.4 Stealth
 + Level 3.7 Spellcasting
 - Level 1.1 Transmutations
 + Level 3.8 Earth Magic


You had 7 spell levels left.
You knew the following spells:

 Your Spells              Type           Power      Damage    Failure   Level
a - Sandblast             Erth           36%        2d10      3%          1

Your spell library contained the following spells:

 Spells                   Type           Power      Damage    Failure   Level
 Passwall                 Tmut/Erth      10%        N/A       8%          2
 Stone Arrow              Conj/Erth      20%        3d8       19%         3
 Scorch                   Fire           6%         2d5       22%         2
 Petrify                  Tmut/Erth      12%        N/A       45%         4
 Flame Wave               Conj/Fire      3%         2d5       80%         4
 Summon Cactus Giant      Summ           1%         N/A       100%        6


Dungeon Overview and Level Annotations

Branches:
Dungeon (1/15)

Altars:


Message History

A giant cockroach is nearby!
A giant cockroach is nearby!
You can't see any susceptible monsters within range! (Use Z to cast anyway.)
You can't see any susceptible monsters within range! (Use Z to cast anyway.)
The blast of sand hits the giant cockroach!
You kill the giant cockroach!
You can't see any susceptible monsters within range! (Use Z to cast anyway.) No target in view!
You can't see any susceptible monsters within range! (Use Z to cast anyway.)
A gnoll comes into view. It is wielding a +0 club.
The gnoll shouts!
A gnoll is nearby!
A gnoll is nearby!
A gnoll is nearby!
The blast of sand hits the gnoll!
The gnoll is heavily wounded.
A bat comes into view.
The blast of sand misses the gnoll.
The bat hits you but does no damage. The gnoll hits you with a +0 club.
The gnoll closely misses you.
The blast of sand misses the gnoll.
The bat barely misses you. The gnoll misses you.
The blast of sand hits the gnoll.
The gnoll is severely wounded.
The bat hits you. The gnoll misses you. The bat hits you.
The gnoll hits you with a +0 club.
You are too injured to fight recklessly!
You are too injured to fight recklessly!
You are too injured to fight recklessly!
You are too injured to fight recklessly!
Casting: Sandblast (safe; 3% risk of failure)
Confirm with . or Enter, or press ? or * to list all spells.
Aiming: Sandblast (safe; 3% risk of failure)
Press: ? - help, Shift-Dir - straight line, f/p - gnoll
Aim: a gnoll, wielding a +0 club (severely wounded, 84% to hit)
The blast of sand hits the gnoll.
The gnoll is almost dead.
The bat hits you but does no damage. The bat barely misses you. x2
The gnoll hits you with a +0 club!
Ouch! That really hurt!
You die...

######################.###.#
########.# .........#
########..# #. ...#..# #
.####.####.#..###.#
..................#
####...b...#...####
......g@...........#
####.#.........###.#
#†.......†# ####......#
......## ######.# .# .#


You could see a gnoll and a bat.

Vanquished Creatures
  An endoplasm (D:1)
  2 giant cockroaches (D:1)
  A hobgoblin (D:1)
  4 jackals (D:1)
  A quokka (D:1)
  2 ball pythons (D:1)
  A frilled lizard (D:1)
  A kobold (D:1)
  A rat (D:1)
14 creatures vanquished.

Notes
Turn   | Place    | Note
-------+----------+-------------------------------------------
     0 | D:1      | cforsyth the Deep Elf Earth Elementalist began the quest
                  | for the Orb.
     0 | D:1      | Reached XP level 1. HP: 10/10 MP: 6/6
   261 | D:1      | Reached XP level 2. HP: 15/15 MP: 5/8
   480 | D:1      | Slain by a gnoll

Illustrated notes

Levels and vault maps discovered:
D:1:      lemuel_arrival_muddy, layout_basic, serial_shops, shop_fountains,
          chequers_arboretum

Action                     || total
---------------------------++-------
   Cast: Sandblast         ||    27
 Armour: Robe              ||     3
  Dodge: Dodged            ||     9

Table legend: (Time is in decaauts)
 A = Elapsed time spent in this place.
 B = Non-inter-level travel time spent in this place.
 C = Inter-level travel time spent in this place.
 D = Time resting spent in this place.
 E = Time spent auto-exploring this place.
 F = Levels seen in this place.
 G = Mean time per level.
                   A        B        C        D        E       F      G
               +--------+--------+--------+--------+--------+-----+--------+
         Total |    497 |    497 |      0 |      0 |    412 |   1 |  497.0 |
       Dungeon |    497 |    497 |      0 |      0 |    412 |   1 |  497.0 |
               +--------+--------+--------+--------+--------+-----+--------+

Top non-repeatable levels by time:
     D:1: 497 daAuts
